 Dungeon Crawl Stone Soup version 0.22-a0-605-g9281fa2 (webtiles) character file.

23 Amnesiac the Ducker (level 2, 0/14 HPs)
             Began as a Spriggan Transmuter on July 8, 2018.
             Succumbed to an adder's poison
             ... on level 2 of the Dungeon.
             The game lasted 00:01:04 (268 turns).

Amnesiac the Ducker (Spriggan Transmuter)            Turns: 268, Time: 00:01:04

Health: 0/14       AC:  2    Str: 11    XL:     2   Next: 72%
Magic:  3/7        EV: 19    Int: 14    God:
Gold:   19         SH:  0    Dex: 16    Spells: 4/7 levels left

rFire    . . .     SeeInvis +     - Unarmed
rCold    . . .     Gourm    .   (shield restricted)
rNeg     . . .     Faith    .   b - +0 robe
rPois    .         Spirit   .   (helmet restricted)
rElec    .         Reflect  .   (no cloak)
rCorr    .         Harm     .   (gloves unavailable)
MR       .....                  (boots unavailable)
Stlth    +.........             (no amulet)
HPRegen  0.04/turn              (no ring)
MPRegen  0.10/turn              (no ring)

@: mighty, lethally poisoned (0 -> -9), appendage, very quick
A: very small, unfitting armour, talons 3, see invisible, herbivore, speed 3,
slow metabolism 2
a: End Transformation


You were on level 2 of the Dungeon.
You were not hungry.
You had grown temporary talons.
You visited 1 branch of the dungeon, and saw 2 of its levels.

You collected 19 gold pieces.

Inventory:

Missiles
 a - 11 arrows
Armour
 b - a +0 robe (worn)
 g - a +0 buckler
Scrolls
 e - a scroll of identify {!r, unknown}
 f - a scroll of teleportation {!r, unknown}
Comestibles
 d - a ration


   Skills:
 + Level 1.0 Fighting
 - Level 3.5 Dodging
 - Level 2.6 Unarmed Combat
 - Level 3.1 Spellcasting
 - Level 3.2 Transmutations


You had 4 spell levels left.
You knew the following spells:

 Your Spells              Type           Power        Failure   Level  Hunger
a - Beastly Appendage     Tmut           ##....       6%          1    #......
b - Sticks to Snakes      Tmut           ##......     9%          2    ##.....

Your spell library contained the following spells:

 Spells                   Type           Power        Failure   Level  Hunger
 Spider Form              Tmut/Pois      #.........   32%         3    ###....
 Blade Hands              Tmut           ##........   85%         5    ######.
 Ice Form                 Ice/Tmut       #.......     73%         4    #####..


Dungeon Overview and Level Annotations

Branches:
Dungeon (2/15)

Altars:


Innate Abilities, Weirdness & Mutations

You are very small and have problems with some larger weapons.
You are too small for most types of armour.
You have supernaturally acute eyesight. (SInv)
You are a herbivore.
You cover ground extremely quickly.
You need to consume almost no food.
You have claws for feet.


Message History

Found a fizzy golden potion.
Found an emerald potion.
You see here an emerald potion {!q}.
h - an emerald potion {!q} Your magical contamination has completely faded away.
A goblin comes into view. It is wielding a dagger.
The goblin shouts!
Really walk into that teleport trap?
You enter a teleport trap!
The teleport trap disappears.
Your surroundings suddenly seem different.
There are monsters nearby!
There is a stone staircase leading down here.
You climb downwards. 2 frilled lizards and a skeleton come into view.
The frilled lizard hisses angrily.
Found a dark potion and a ration.
Found an escape hatch in the floor.
There is a stone staircase leading up here.
An adder comes into view.
The adder hisses angrily.
The frilled lizard hisses angrily.
Found 3 gold pieces.
You closely miss the adder. The adder misses you.
Unknown command.
Okay, then.
Really quaff
c - a fizzy golden potion {!q}?
It was a potion of curing {!q}.
You feel better. The frilled lizard misses you. The adder bites you.
You are poisoned.
The adder poisons you! The quokka skeleton barely misses you.
Casting: Beastly Appendage (safe; 6% risk of failure)
Confirm with . or Enter, or press ? or * to list all spells.
Your feet morph into talons.
You feel sick. The adder closely misses you.
The frilled lizard closely misses you. The quokka skeleton misses you.
Unknown command.
Casting: Beastly Appendage (safe; 6% risk of failure)
Confirm with . or Enter, or press ? or * to list all spells.
You create a snake!
You now have 11 arrows.
The adder bites you. The frilled lizard misses you.
The quokka skeleton bites you.
* * * LOW HITPOINT WARNING * * *
The adder barely misses you.
Casting: Sticks to Snakes (safe; 9% risk of failure)
Confirm with . or Enter, or press ? or * to list all spells.
You fail to extend your transformation any further.
The frilled lizard misses you. The quokka skeleton bites you.
* * * LOW HITPOINT WARNING * * *
The adder closely misses you.
Unknown command.
The adder bites you.
* * * LOW HITPOINT WARNING * * *
You are more poisoned.
The adder poisons you!
Really quaff
h - an emerald potion {!q}?
It was a potion of might {!q}.
You feel very mighty all of a sudden.
* * * LOW HITPOINT WARNING * * *
You feel sick.
Your ball python grabs the adder.
Your ball python constricts the adder.
The adder completely misses you.
The frilled lizard completely misses you.
Your ball python constricts the adder.
You punch the adder!
You kill the adder!
The frilled lizard barely misses your ball python.
You barely miss the frilled lizard.
You die...

.. #.. .>.####
#..... #.#..
##.#%#
######...Z###
.........ll@#
......!..##S#
.....#<###.#
...............
........###..##
......### #.$#
...... #..#
...... #...
.....


You could see 2 frilled lizards, a quokka skeleton and a friendly ball python.

Vanquished Creatures
  An adder (D:2)
  A bat (D:1)
  A giant cockroach (D:1)
  4 hobgoblins (D:1)
  2 kobolds (D:1)
  2 frilled lizards (D:1)
  3 rats (D:1)
14 creatures vanquished.

Notes
Turn   | Place    | Note
-------+----------+-------------------------------------------
     0 | D:1      | Amnesiac the Spriggan Transmuter began the quest for the Orb.
     0 | D:1      | Reached XP level 1. HP: 9/9 MP: 5/5
    72 | D:1      | Reached skill level 1 in Fighting
    75 | D:1      | Reached XP level 2. HP: 10/14 MP: 4/6
    84 | D:1      | Learned a level 2 spell: Sticks to Snakes
   268 | D:2      | Succumbed to an adder's poison

Vault maps used:
D:1:      lemuel_arrival_behind_the_door_small

Skill      XL: |  1  2 |
---------------+-------+-----
Fighting       | 1 |  1.0
Transmutations | 3 |  3.2
Spellcasting   | 3 |  3.1
Dodging        | |  3.5
Unarmed Combat | |  2.6

Action                   || total
-------------------------++-------
Melee: Unarmed           ||    43
       Headbutt          ||     3
 Cast: Beastly Appendage ||    10
       Sticks to Snakes  ||     1
  Use: Potion            ||     2
Armor: Robe              ||    10
Dodge: Dodged            ||    41

Table legend:
 A = Spawn XP
 B = Non-spawn XP
 C = Spawn XP percentage of total XP
 D = Spawn monster count
 E = Non-spawn monster count
 F = Spawn count percentage of total count
 G = Total turns spent on level
                    A         B        C        D         E        F      G
               +---------+---------+-------+---------+---------+-------+---------
         Total |       0 |      33 |   0.0 |       0 |      14 |   0.0 |   268
               +---------+---------+-------+---------+---------+-------+---------
           D:1 |       0 |      21 |   0.0 |       0 |      13 |   0.0 |   256
           D:2 |       0 |      12 |   0.0 |       0 |       1 |   0.0 |    12
               +---------+---------+-------+---------+---------+-------+---------
